 Dungeon Crawl Stone Soup version 0.18-a0-1443-ge8f1551 (console) character file.

176 Liam the Conjurer (level 5, -15/28 HPs)
             Began as a Deep Elf Conjurer on Feb 29, 2016.
             Demolished by attackplan's ghost (17 damage)
             ... on level 4 of the Dungeon.
             The game lasted 00:04:19 (2701 turns).

Liam the Conjurer (Deep Elf Conjurer)               Turns: 2701, Time: 00:04:20

Health: -15/28     AC:  3    Str:  5    XL:     5   Next: 30%
Magic:  5/15       EV: 13    Int: 21    God:
Gold:   170        SH:  0    Dex: 15    Spells: 2 memorised, 10 levels left

rFire  . . .     SeeInvis +     (no weapon)
rCold  . . .     Gourm    .     a - +0 robe
rNeg   . . .     Faith    .     (no shield)
rPois  .         Spirit   .     t - +0 helmet
rElec  .         Dismiss  .     (no cloak)
rCorr  .         Reflect  .     (no gloves)
SustAt .         Harm     +     (no boots)
MR     .....                    q - amulet of harm
Stlth  ++........               x - ring of see invisible
                                m - -3 ring of slaying (curse)

@: not resistant to hostile enchantments, unstealthy
A: no striking features
a: no special abilities


You were on level 4 of the Dungeon.
You were not hungry.

You visited 1 branch of the dungeon, and saw 4 of its levels.

You collected 170 gold pieces.

Inventory:

Armour
 a - a +0 robe (worn)
 t - a +0 helmet (worn)
Jewellery
 m - a cursed -3 ring of slaying (left hand)
 q - an amulet of harm (around neck)
 w - an uncursed amulet of harm
 x - a ring of see invisible (right hand)
 y - an uncursed amulet of magic regeneration {unknown}
Wands
 s - a wand of flame (42/48)
 B - a wand of acid (5/15)
Scrolls
 d - a scroll of magic mapping {unknown}
 e - 7 scrolls of identify {unknown}
 h - a scroll of remove curse {unknown}
 i - a scroll of random uselessness {unknown}
 j - 3 scrolls of recharging {unknown}
 k - 2 scrolls of teleportation {unknown}
 p - a scroll of amnesia {unknown}
 C - a scroll of blinking {unknown}
 D - a scroll of enchant armour {unknown}
Potions
 f - 2 potions of haste {unknown}
 g - 2 potions of degeneration {unknown}
 n - a potion of invisibility {unknown}
 o - a potion of cancellation {unknown}
 r - a potion of flight {unknown}
 u - 2 potions of lignification {unknown}
 v - a potion of curing {unknown}
 z - a potion of berserk rage {unknown}
 A - 2 potions of brilliance {unknown}
Books
 b - a book of Conjurations

   Spells                             Type                      Level
   a - Magic Dart                     Conjuration                  1
   b - Searing Ray                    Conjuration                  2
   c - Dazzling Spray                 Conjuration/Hexes            3
   d - Fulminant Prism                Conjuration/Hexes            4
   e - Iskenderun's Mystic Blast      Conjuration                  4
   f - Iskenderun's Battlesphere      Conjuration/Charms           5
Comestibles
 c - 2 bread rations
 l - a beef jerky


   Skills:
 - Level 2.4 Dodging
 - Level 2.4 Stealth
 + Level 5.5 Spellcasting
 + Level 6.1 Conjurations


You had 10 spell levels left.
You knew the following spells:

 Your Spells              Type           Power        Failure   Level  Hunger
a - Magic Dart            Conj           ####         1%          1    None
x - Iskenderun's Mystic   Conj           ####....     10%         4    ####...


Dungeon Overview and Level Annotations

Branches:
Dungeon (4/15)
 Temple: D:4-7

Altars:

Annotations:
D:4 attackplan's ghost, amateur HOGl


Message History

Press: ? - help, Shift-Dir - straight line, f/p - attackplan's ghost
Aim: attackplan's ghost (lightly damaged)
The orb of energy hits attackplan's ghost.
Attackplan's ghost is lightly damaged.
The orb of energy explodes!
Attackplan's ghost hits you!
Ouch! That really hurt!
Casting: Iskenderun's Mystic Blast
Confirm with . or Enter, or press ? or * to list all spells.
Aiming: Iskenderun's Mystic Blast
Press: ? - help, Shift-Dir - straight line, f/p - attackplan's ghost
Aim: attackplan's ghost (lightly damaged)
The orb of energy hits attackplan's ghost.
Attackplan's ghost is moderately damaged.
The orb of energy explodes!
Attackplan's ghost hits you!
* * * LOW HITPOINT WARNING * * *
A worm comes into view.
Attackplan's ghost says, "I'll split you in two!"
Attackplan's ghost hits you!
Ouch! That really hurt!
You die...

#............#......###
#...#
#.#####.####.#.#......##
#.
#.#####.####.#.#.##....#
#.
#.##.............##....#
#.
#.##.##.####.#.####....#
#.
#.##.##.####.#........##
##.
#............#........#
#..
#....##########.####..#
#.. ##.####
######.@.....#### #..
......#
#......W#.......######..
##.##.#
#............##.##......
##.##.#
#.........#w............
##.##.#
#.....#.#....##.##......
##.##.#
#.....#.#.#.###.######..
##.##.#
#######.........# #..
......#
#.......#.####### #..
##.#### #.#####[#.# #..


You could see a worm and attackplan's ghost.

Vanquished Creatures
  A crimson imp (D:4)
  An iguana (D:4)
  A worker ant (D:4)
  4 adders
  An ooze (D:1)
  A giant gecko (D:4)
  A giant cockroach (D:4)
  11 goblins
  4 hobgoblins
  5 jackals
  5 kobolds
  2 quokkas
  5 bats
  5 giant newts
  2 rats (D:2)
49 creatures vanquished.

Notes
Turn   | Place    | Note
--------------------------------------------------------------
     0 | D:1      | Liam the Deep Elf Conjurer began the quest for the Orb.
     0 | D:1      | Reached XP level 1. HP: 10/10 MP: 6/6
   286 | D:1      | Reached XP level 2. HP: 15/15 MP: 4/8
  1089 | D:2      | Reached skill level 5 in Conjurations
  1290 | D:2      | Reached XP level 3. HP: 19/19 MP: 5/10
  1832 | D:3      | Reached XP level 4. HP: 24/24 MP: 10/12
  1838 | D:3      | Learned a level 4 spell: Iskenderun's Mystic Blast
  2356 | D:4      | Reached skill level 5 in Spellcasting
  2356 | D:4      | Reached XP level 5. HP: 28/28 MP: 7/14
  2580 | D:4      | Reached skill level 6 in Conjurations
  2645 | D:4      | Noticed attackplan's ghost (amateur HOGl)
  2690 | D:4      | HP: 1/28 [attackplan's ghost (11)]
  2701 | D:4      | Demolished by attackplan's ghost

Vault maps used:
D:1:      sevenhm_arrival_forest_fort_large_4, minmay_misc_feat_tower
D:2:      kennysheep_cluttered_room, hangedman_decor_growths
D:4:      first_bread

Skill      XL: |  1  2  3  4  5 |
---------------+----------------+-----
Conjurations   | 5 6 |  6.1
Spellcasting   | 4 5 |  5.5
Dodging        | |  2.4
Stealth        | |  2.4

Action                   |  1- 3 |  4- 6 || total
-------------------------+-------+-------++-------
 Cast: Magic Dart        |    68 |    50 ||   118
       Iskenderun's Myst |       |     2 ||     2
  Eat: Chunk             |     3 |     2 ||     5
